 Dungeon Sprint DCSS version 0.26-a0-660-gc07710193c (webtiles) character file.

Game seed: 1813282650738371769

252 sahdkjhfkaj the Destroyer (level 6, -5/36 HPs)
             Began as an Octopode Conjurer on Oct 7, 2020.
             Was an Initiate of Gozag.
             Slain by a red ugly thing (12 damage)
             ... in the Dungeon (Sprint IX: "|||||||||||||||||||||||||||||").
             The game lasted 00:00:50 (528 turns).

sahdkjhfkaj the Destroyer (Octopode Conjurer)        Turns: 528, Time: 00:00:51

Health: -5/36      AC:  1    Str:  7    XL:     6   Next: 14%
Magic:  12/15      EV: 15    Int: 25    God:    Gozag
Gold:   441        SH:  0    Dex: 10    Spells: 15/18 levels left

rFire    . . .     SeeInvis .   j - +2 scimitar (flame)
rCold    . . .     Faith    .   (no shield)
rNeg     . . .     Spirit   .   (helmet restricted)
rPois    .         Reflect  .   (no amulet)
rElec    .         Harm     .   k - +2 ring of evasion
rCorr    .         Rampage  .   l - +3 ring of intelligence
MR       .....     NoTele   +   (no ring)
Stlth    +++.......             (no ring)
HPRegen  0.12/turn              (no ring)
MPRegen  0.14/turn              (no ring)
                                (no ring)
                                (no ring)

@: no status effects
A: almost no armour, stealthy swim, amphibious, 8 rings, constrict 8, camouflage
1, gelatinous body 1
a: Potion Petition, Call Merchant, Bribe Branch, Renounce Religion


You were in the Dungeon.
You worshipped Gozag.
Gozag was aware of your devotion.
You visited 1 branch You collected 441 gold pieces.

Inventory:

Hand Weapons
 j - a +2 scimitar of flaming (weapon)
Jewellery
 k - a +2 ring of evasion (left tentacle)
 l - a +3 ring of intelligence (right tentacle)
Wands
 i - a wand of acid (10)
Scrolls
 f - 3 scrolls of remove curse
 g - 2 scrolls of blinking
 h - 2 scrolls of amnesia
Potions
 a - a potion of invisibility
 b - 5 potions of curing
 c - 3 potions of heal wounds
 d - a potion of haste
 e - 4 potions of magic


   Skills:
 - Level 2.0 Dodging
 - Level 2.6 Stealth
 + Level 6.7 Spellcasting
 * Level 10.7 Conjurations


You had 15 spell levels left.
You knew the following spells:

 Your Spells              Type           Power        Failure   Level
a - Magic Dart            Conj           ####         1%          1
b - Searing Ray           Conj           ######       1%          2

Your spell library contained the following spells:

 Spells                   Type           Power        Failure   Level
 Dazzling Flash           Conj/Hex       #####.       2%          3
 Fulminant Prism          Conj/Hex       #####.....   8%          4
 Iskenderun's Mystic Bla  Conj/Tloc      #####...     8%          4


Dungeon Overview and Level Annotations

Branches:
Dungeon (1/1)

Altars:
Cheibriados
Dithmenos
Elyvilon
Fedhas
Gozag
Hepliaklqana
Kikubaaqudgha
Makhleb
Nemelex Xobeh
Okawaru
Qazlal
Ru
Sif Muna
Trog
Uskayaw
Vehumet
Wu Jian
Xom
Yredelemnul
Zin
The Shining One
Beogh
Jiyva
Lugonu


Innate Abilities, Weirdness & Mutations

You cannot wear most types of armour.
You are very stealthy in the water. (Stealth+)
You are amphibious.
You can wear up to eight rings at the same time.
You can use your tentacles to constrict eight enemies at once.
Your skin changes colour to match your surroundings (Stealth+).
Your rubbery body absorbs attacks. (AC +1, EV +1)


Message History

The searing ray hits the troll!!
The troll is heavily wounded. (Press . to maintain the ray.)
The tengu conjurer shouts!
The tengu conjurer gestures wildly while chanting.
The tengu conjurer blinks!
The red ugly thing headbutts you.
You are engulfed in flames!
The searing ray hits the red ugly thing!
The red ugly thing is moderately wounded.
The searing ray hits the bullfrog.
The bullfrog is almost dead.
The searing ray hits the troll.
The troll is severely wounded.
The searing ray hits the seven-headed hydra!
The seven-headed hydra is lightly wounded.
The red ugly thing headbutts you!
* * * LOW HITPOINT WARNING * * *
You are engulfed in flames!
You die...
Your body crumbles into a pile of gold.

$
▓.▓
▓.▓
$
▓'▓
▓.▓
$
▓.▓
$
▓.▓
$ $
▓.▓
$
▓.▓
$
▓@▓
▓u▓
▓F▓
▓T▓
▓D▓
▓Q▓
▓.▓
▓y▓


You could see a seven-headed hydra, a red ugly thing, a troll, a tengu conjurer,
a vampire mosquito and a bullfrog.

Vanquished Creatures
  A yak (D)
  A killer bee (D)
  A howler monkey (D)
  2 adders (D)
  A leopard gecko (D)
  2 ball pythons (D)
  A giant cockroach (D)
  2 hobgoblins (D)
  A jackal (D)
  A giant cockroach zombie (D)
  A leopard gecko skeleton (D)
  2 rats (D)
16 creatures vanquished.

Notes
Turn   | Place    | Note
-------+----------+-------------------------------------------
     0 | D        | sahdkjhfkaj the Octopode Conjurer began the quest for the
                  | Orb.
     0 | D        | Reached XP level 1. HP: 11/11 MP: 3/3
   205 | D        | Reached skill level 5 in Conjurations
   205 | D        | Reached XP level 2. HP: 17/17 MP: 5/5
   220 | D        | Found a roughly hewn altar of Beogh.
   220 | D        | Found a snail-covered altar of Cheibriados.
   220 | D        | Found a shadowy altar of Dithmenos.
   220 | D        | Found a white marble altar of Elyvilon.
   220 | D        | Found a blossoming altar of Fedhas.
   220 | D        | Found an opulent altar of Gozag.
   221 | D        | Found a hazy altar of Hepliaklqana.
   222 | D        | Found a viscous altar of Jiyva.
   223 | D        | Found an ancient bone altar of Kikubaaqudgha.
   224 | D        | Found a corrupted altar of Lugonu.
   225 | D        | Found a burning altar of Makhleb.
   260 | D        | Learned a level 2 spell: Searing Ray
   260 | D        | Found a sparkling altar of Nemelex Xobeh.
   261 | D        | Found an iron altar of Okawaru.
   262 | D        | Became a worshipper of Gozag Ym Sagoz the Greedy
   263 | D        | Found a stormy altar of Qazlal.
   264 | D        | Found a sacrificial altar of Ru.
   265 | D        | Found a shimmering blue altar of Sif Muna.
   266 | D        | Found a bloodstained altar of Trog.
   267 | D        | Found a hide-covered altar of Uskayaw.
   268 | D        | Found a radiant altar of Vehumet.
   269 | D        | Found an ornate altar of the Wu Jian Council.
   270 | D        | Found a shimmering altar of Xom.
   271 | D        | Found a basalt altar of Yredelemnul.
   272 | D        | Found a glowing silver altar of Zin.
   273 | D        | Found a glowing golden altar of the Shining One.
   301 | D        | Noticed a howler monkey
   301 | D        | Noticed a yak
   301 | D        | Noticed a killer bee
   305 | D        | Killed a howler monkey
   305 | D        | Reached skill level 7 in Conjurations
   305 | D        | Reached XP level 3. HP: 16/21 MP: 2/8
   305 | D        | Reached XP level 4. HP: 20/27 MP: 2/10
   442 | D        | Killed a yak
   442 | D        | Reached skill level 10 in Conjurations
   442 | D        | Reached XP level 5. HP: 31/31 MP: 8/13
   444 | D        | Reached XP level 6. HP: 27/36 MP: 6/15
   526 | D        | Noticed a red ugly thing
   526 | D        | Noticed a troll
   526 | D        | Noticed a tengu conjurer
   526 | D        | Noticed a vampire mosquito
   526 | D        | Noticed a seven-headed hydra
   528 | D        | Slain by a red ugly thing

Illustrated notes

Levels and vault maps discovered:
D:        linesprint [early_d, line_temple, items_1, d_10, items_2, lair_1,
          lair_end, items_3, orc_1, orc_end, items_4, d_15, swamp_1, shoals_1,
          snake_1, spider_1, d_20, vaults_1, items_5, swamp_end, shoals_end,
          snake_end, spider_end, vaults_end, d_27, items_6, zot_1, zot_end,
          crypt_end, forest_end, elf_end, slime_end, tomb_end, abyss_end,
          pan_hell_end]

Skill      XL: |  1  2  3  4 |
---------------+-------------+-----
Conjurations   | 5 7 10 | 10.7
Spellcasting   | 4 6 |  6.7
Dodging        | |  2.0
Stealth        | |  2.6

Action                   |  1- 3 |  4- 6 || total
-------------------------+-------+-------++-------
Melee: Unarmed           |    21 |       ||    21
       Constrict         |     8 |       ||     8
       Tentacles         |     4 |       ||     4
 Cast: Magic Dart        |     3 |       ||     3
       Searing Ray       |     1 |     2 ||     3
  Use: Potion            |     1 |       ||     1
Armor: Skin              |     1 |       ||     1
Dodge: Dodged            |    15 |     1 ||    16
       Rpst.: Scimitar   |     3 |       ||     3

Table legend: (Time is in decaauts)
 A = Elapsed time spent in this place.
 B = Non-inter-level travel time spent in this place.
 C = Inter-level travel time spent in this place.
 D = Time resting spent in this place.
 E = Time spent auto-exploring this place.
 F = Levels seen in this place.
 G = Mean time per level.
                   A        B        C        D        E       F      G
               +--------+--------+--------+--------+--------+-----+--------+
         Total |    534 |    534 |      0 |    421 |      3 |   1 |  534.0 |
       Dungeon |    534 |    534 |      0 |    421 |      3 |   1 |  534.0 |
               +--------+--------+--------+--------+--------+-----+--------+

Top non-repeatable levels by time:
       D: 534 daAuts
